 Dungeon Crawl Stone Soup version 0.31-a0-1529-g7bd419a0e5 (webtiles) character file.

Game seed: 5851683786105347988

129 Flugslaktarn the Shield-Bearer (level 4, -9/41 HPs)
             Began as a Minotaur Fighter on Jan 1, 2024.
             Mangled by an ogre
             ... wielding a +0 giant spiked club
              (33 damage)
             ... on level 4 of the Dungeon.
             The game lasted 00:01:10 (2144 turns).

Flugslaktarn the Shield-Bearer (Minotaur Fighter)   Turns: 2144, Time: 00:01:11

Health: -9/41      AC:  9    Str: 22    XL:     4   Next: 88%
Magic:  0/3        EV:  9    Int:  5    God:
Gold:   176        SH:  4    Dex: 10    Spells: 3/3 levels left

rFire   . . .        a - +0 war axe
rCold   . . .        c - +0 buckler
rNeg    . . .        b - +0 scale mail
rPois   .            (helmet restricted)
rElec   .            (no cloak)
rCorr   .            s - +0 pair of gloves
SInv    +            n - +0 pair of boots
Will    .....        t - amulet of guardian spirit Stlth
                     i - ring of see invisible
HPRegen 0.26/turn    (no ring)
MPRegen 0.08/turn

%: guardian spirit
@: no status effects
A: horns 2, retaliatory headbutt
a: no special abilities


You were on level 4 of the Dungeon.
You visited 1 branch of the dungeon, and saw 4 of its levels.

You collected 176 gold pieces.

Inventory:

Hand Weapons
 a - a +0 war axe (weapon)
Missiles
 f - a throwing net
Armour
 b - a +0 scale mail (worn)
 c - a +0 buckler (worn)
 n - a +0 pair of boots (worn)
   (You found it on level 2 of the Dungeon)
 s - a +0 pair of gloves (worn)
   (You found it on level 2 of the Dungeon)
Jewellery
 i - a ring of see invisible (left hand)
   (You found it on level 1 of the Dungeon)
 t - an amulet of guardian spirit (around neck)
   (You found it on level 3 of the Dungeon)
Scrolls
 e - 2 scrolls of butterflies {unknown}
 h - a scroll of fog {unknown}
 k - a scroll of revelation {unknown}
 m - a scroll of identify {unknown}
Potions
 d - 2 potions of might
 g - 2 potions of brilliance {unknown}
 j - a potion of heal wounds {unknown}
 l - 3 potions of curing {unknown}
 o - a potion of mutation {unknown}
 p - 2 potions of cancellation {unknown}
 q - a potion of magic {unknown}
 r - a potion of degeneration {unknown}
 u - a potion of enlightenment {unknown}


   Skills:
 + Level 4.4 Fighting
 * Level 4.4 Axes
 + Level 4.4 Armour
 + Level 4.4 Shields


You had 3 spell levels left.
You didn't know any spells.
Your spell library contained the following spells:

 Spells                   Type           Power      Damage    Failure   Level
 Blink                    Tloc           0%         N/A       94%         2
 Lesser Beckoning         Tloc           0%         N/A       94%         2
 Momentum Strike          Conj/Tloc      0%         3d8       94%         2
 Inner Flame              Hex/Fire       0%         N/A       99%         3
 Irradiate                Conj/Alch      0%         3d11      100%        5
 Ignition                 Fire           0%         3d3       100%        8


Dungeon Overview and Level Annotations

Branches:
Dungeon (4/15)
 Temple: D:4-7

Altars:


Innate Abilities, Weirdness & Mutations

You have a pair of horns on your head.
You reflexively headbutt those who attack you in melee.


Message History

There is a stone staircase leading down here.
You climb downwards.
Found 17 gold pieces.
There is a stone staircase leading up here.
Unknown command.
Found a whip.
You now have 166 gold pieces (gained 17).
You pick up a book of Spatial Translocations and begin reading...
You add the spells Blink, Momentum Strike and Lesser Beckoning to your library.
You open the door.
Found a stone staircase leading down.
No target in view!
No target in view!
No target in view!
No target in view!
No target in view!
No target in view!
There is an open door here.
There is a stone staircase leading down here.
You open the door. 2 gnolls come into view.
The gnoll shouts! x2
There are monsters nearby!
Unknown command.
There are monsters nearby!
A gnoll comes into view. It is wielding a +0 whip.
The gnoll shouts!
There is an open door here.
The gnoll hits you but does no damage.
You barely miss the gnoll. The gnoll hits you with a +0 flail.
The gnoll attacks as it pursues you! The gnoll hits you with a +0 flail.
The gnoll attacks as it pursues you! The gnoll hits you but does no damage.
There is an open door here.
The gnoll attacks as it pursues you! The gnoll hits you with a +0 flail.
The gnoll attacks as it pursues you! The gnoll hits you with a +0 flail.
The gnoll attacks as it pursues you! The gnoll hits you but does no damage.
The gnoll attacks as it pursues you! The gnoll hits you with a +0 flail.
There is an open door here.
The gnoll attacks as it pursues you! The gnoll hits you but does no damage.
There is a stone staircase leading up here.
You climb upwards.
There is a stone staircase leading down here.
No target in view!
You start resting.
Magic restored.
There is a stone staircase leading down here.
You climb downwards.
The ball python hisses angrily.
Found 7 stones.
There is a stone staircase leading up here.
A ball python is nearby!
A ball python is nearby!
Found 7 stones.
Found a ring mail.
The ball python bites you but does no damage.
The ball python grabs you. The ball python constricts you.
You completely miss the ball python.
The ball python bites you but does no damage.
The ball python constricts you.
The ball python bites you but does no damage.
The ball python constricts you.
You hit the ball python.
The ball python is severely wounded.
The ball python bites you. The ball python constricts you.
You block the ball python's attack. The ball python constricts you.
You slash the ball python!
You kill the ball python!
No target in view!
No target in view!
No target in view!
No target in view!
HP restored.
You see here 7 stones.
You now have 176 gold pieces (gained 10).
You open the door.
Found a stone staircase leading down.
Unknown command.
An orc comes into view.
It is wielding a +2 flail of holy wrath.
The orc shouts!
You hear a shout!
The orc throws a boomerang.
The boomerang barely misses you.
An orc is nearby!
An orc is nearby!
Found a scroll labelled ADEN NIFOI.
The orc throws a boomerang.
The boomerang closely misses you.
There is an open door here.
You closely miss the orc.
An ogre comes into view. It is wielding a +0 giant spiked club.
The orc barely misses you.
You barely miss the orc.
The orc hits you with a +2 flail of holy wrath.
You slash the orc!
You kill the orc!
You barely miss the ogre. You headbutt the ogre!
The ogre is moderately wounded.
The ogre hits you with a +0 giant spiked club!
You slash the ogre!
The ogre is severely wounded.
The ogre hits you with a +0 giant spiked club!!
Ouch! That really hurt!
You die...

........##...##...##
........##...##...#
...[.......(......#
..................#
#######+##........#
#........#
#...#########
#...#........
#...'@)..>...
#...#O.......
#...#........
#+###.....$..
........# .?...##..
...... # .....#..


You could see an ogre.

Vanquished Creatures
  An orc priest (D:2)
  2 adders
  3 dart slugs
  3 ribbon worms
  5 orcs
  11 ball pythons
  4 endoplasms
  3 giant cockroaches
  8 goblins
  4 hobgoblins
  3 quokkas (D:1)
  4 bats
  4 frilled lizards
  A kobold (D:3)
  6 rats
62 creatures vanquished.

Notes
Turn   | Place    | Note
-------+----------+-------------------------------------------
     0 | D:1      | Flugslaktarn the Minotaur Fighter began the quest for the
                  | Orb.
     0 | D:1      | Reached XP level 1. HP: 19/19 MP: 0/0
   189 | D:1      | Reached XP level 2. HP: 27/27 MP: 1/1
   559 | D:1      | Reached XP level 3. HP: 33/33 MP: 2/2
   855 | D:2      | Reached XP level 4. HP: 27/40 MP: 3/3
  2140 | D:4      | Noticed an ogre
  2144 | D:4      | Mangled by an ogre

Illustrated notes

Levels and vault maps discovered:
D:1:      giann_forest_graveyard, layout_loops_ring, hangedman_decor_growths
D:2:      layout_basic, solitary_fountain
D:3:      layout_rooms
D:4:      layout_gridville, mainiacjoe_overflow_alcove_1,
          nicolae_zig_zag_zippers

Skill      XL: |  1  2  3  4 |
---------------+-------------+-----
Axes           | 3 4 |  4.4
Shields        | 4 |  4.4
Armour         | 4 |  4.4
Fighting       | 4 |  4.4

Action                     |  1- 3 |  4- 6 || total
---------------------------+-------+-------++-------
  Melee: War axe           |    75 |    48 ||   123
         Headbutt          |     6 |     6 ||    12
 Armour: Scale mail        |    62 |    41 ||   103
  Dodge: Dodged            |    42 |    24 ||    66
  Block: Buckler           |    21 |    10 ||    31

Table legend: (Time is in decaauts)
 A = Elapsed time spent in this place.
 B = Non-inter-level travel time spent in this place.
 C = Inter-level travel time spent in this place.
 D = Time resting spent in this place.
 E = Time spent auto-exploring this place.
 F = Levels seen in this place.
 G = Mean time per level.
                   A        B        C        D        E       F      G
               +--------+--------+--------+--------+--------+-----+--------+
         Total |   2187 |   2092 |     95 |     14 |   1687 |   4 |  546.8 |
       Dungeon |   2187 |   2092 |     95 |     14 |   1687 |   4 |  546.8 |
               +--------+--------+--------+--------+--------+-----+--------+

Top non-repeatable levels by time:
     D:2: 884 daAuts
     D:1: 774 daAuts
     D:3: 433 daAuts
     D:4: 95 daAuts
